 Dungeon Crawl Stone Soup version 0.23-a0-494-g91793a9 (webtiles) character file.

277169 tidbits the Timeless (level 19, -34/148 HPs)
             Began as a Gnoll Summoner on Dec 3, 2018.
             Was a High Priest of Cheibriados.
             Killed from afar by a deep elf annihilator (56 damage)
             ... with an iron shot
             ... on level 5 of the Vaults.
             The game lasted 03:38:16 (12975 turns).

tidbits the Timeless (Gnoll Summoner)              Turns: 12975, Time: 03:38:18

Health: -34/148    AC: 24    Str: 29    XL:     19   Next: 92%
Magic:  30/36      EV: 33    Int: 35    God:    Cheibriados [*****.]
Gold:   764        SH:  0    Dex: 36    Spells: 19/45 levels left

rFire    . . .     SeeInvis +   v - +5 demon trident (vamp)
rCold    . . .     Gourm    .   D - +0 shield {reflect}
rNeg     . . .     Faith    .   B - +4 troll leather armour
rPois    +         Spirit   .   E - +2 helmet {SInv}
rElec    +         Reflect  +   C - +1 cloak {rPois}
rCorr    +         Harm     .   G - +1 pair of gloves {Str+3}
MR       ++++.                  F - +2 pair of boots of the Game Afoot {rElec rCorr Dex+6}
Stlth    +.........             L - amulet of magic regeneration
HPRegen  0.74/turn              u - ring "Dakhleg" {MR+++ AC+2 Str-5 Slay+6 Stlth-}
MPRegen  0.50/turn              V - +4 ring of evasion

@: confused, mighty, marked, drained, very slow
A: distributed training, fangs 1, strong nose
}: 3/15 runes: barnacled, silver, gossamer
a: Bend Time, Temporal Distortion, Slouch, Step From Time, Renounce Religion


You were on level 5 of the Vaults.
You worshipped Cheibriados.
Cheibriados was extremely pleased with you.
You were not hungry.

You visited 8 branches of the dungeon, and saw 38 of its levels.
You visited 1 bazaar.
You also visited: Sewer and Ice Cave.

You collected 3257 gold pieces.
You spent 2493 gold pieces at shops.

Inventory:

Hand Weapons
 b - a +4 hand axe of electrocution
   (You took it off an orc on level 6 of the Dungeon)
 g - a +6 blowgun
 v - a +5 vampiric demon trident (weapon)
   (You took it off a merfolk impaler on level 1 of the Shoals)
Missiles
 n - 13 throwing nets {!f}
 A - 13 javelins of penetration (quivered)
 N - 14 curare-tipped needles
Armour
 B - a +4 troll leather armour (worn)
 C - a +1 cloak of poison resistance (worn)
   (You bought it in a shop on level 1 of the Vaults)
 D - a +0 shield of reflection (worn)
   (You bought it in a shop in a bazaar)
 E - a +2 helmet of see invisible (worn)
   (You found it on level 11 of the Dungeon)
 F - the +2 pair of boots of the Game Afoot (worn) {rElec rCorr Dex+6}
   (You found it on level 5 of the Vaults)

   It affects your dexterity (+6).
   It insulates you from electricity.
   It provides partial protection from all sources of acid and corrosion.
 G - a +1 pair of gloves of strength (worn)
   (You found it in an ice cave)
 P - a +2 pair of boots of flying
   (You found it in an ice cave)
Magical Staves
 e - an uncursed staff of energy {!a}
   (You found it on level 1 of the Lair of Beasts)
Jewellery
 u - the ring "Dakhleg" (left hand) {MR+++ AC+2 Str-5 Slay+6 Stlth-}
   (You bought it in a shop on level 2 of the Orcish Mines)

   [ring of protection]

   It affects your AC (+2).
   It affects your strength (-5).
   It affects your accuracy and damage with ranged weapons and melee attacks
   (+6).
   It affects your resistance to hostile enchantments.
   It makes you less stealthy.
 I - an uncursed ring of protection from fire
   (You found it on level 2 of the Shoals)
 L - an amulet of magic regeneration (around neck)
   (You bought it in a shop on level 1 of the Orcish Mines)
 V - a +4 ring of evasion (right hand)
   (You found it on level 11 of the Dungeon)
 W - an uncursed ring of wizardry
   (You took it off a crimson imp on level 14 of the Dungeon)
 Y - an uncursed ring of protection from cold
   (You found it on level 2 of the Lair of Beasts)
Wands
 a - a wand of iceblast (11)
 f - a wand of disintegration (39)
 j - a wand of enslavement (13)
 y - a wand of scattershot (2)
 M - a wand of paralysis (8)
 S - a wand of digging (5)
Scrolls
 h - 2 scrolls of blinking
 i - 4 scrolls of identify
 o - a scroll of holy word
 r - 14 scrolls of remove curse
 t - 2 scrolls of teleportation
 x - a scroll of summoning
 H - 2 scrolls of fear
 K - a scroll of fog
 R - 7 scrolls of immolation
 T - a scroll of magic mapping
Potions
 d - 4 potions of flight
 l - a potion of agility
 m - 4 potions of ambrosia
 q - 7 potions of brilliance
 s - 5 potions of might
 w - 2 potions of invisibility
 J - 2 potions of magic
 U - a potion of resistance
 X - a potion of cancellation
 Z - a potion of curing
Miscellaneous
 p - a phantom mirror
 z - a box of beasts
 O - a lightning rod (4/4)
Comestibles
 c - 31 rations


   Skills:
 + Level 12.9(12.6) Fighting
 + Level 12.9(12.6) Short Blades
 + Level 12.9(12.6) Long Blades
 + Level 12.9(12.6) Axes
 + Level 12.9(12.6) Maces & Flails
 + Level 12.9(12.6) Polearms
 + Level 12.9(12.6) Staves
 + Level 12.9(12.6) Slings
 + Level 12.9(12.6) Bows
 + Level 12.9(12.6) Crossbows
 + Level 12.9(12.6) Throwing
 + Level 12.9(12.6) Armour
 + Level 13.5(13.2) Dodging
 + Level 13.4(13.1) Stealth
 + Level 12.9(12.6) Shields
 + Level 12.9(12.6) Unarmed Combat
 + Level 13.6(13.3) Spellcasting
 + Level 11.1(10.7) Conjurations
 + Level 11.1(10.7) Hexes
 + Level 11.1(10.7) Charms
 + Level 12.8(12.5) Summonings
 + Level 11.1(10.7) Necromancy
 + Level 11.1(10.7) Translocations
 + Level 11.1(10.7) Transmutations
 + Level 11.1(10.7) Fire Magic
 + Level 11.1(10.7) Ice Magic
 + Level 11.1(10.7) Air Magic
 + Level 11.1(10.7) Earth Magic
 + Level 11.1(10.7) Poison Magic
 + Level 13.9(13.5) Invocations
 + Level 12.9(12.6) Evocations


You had 19 spell levels left.
You knew the following spells:

 Your Spells              Type           Power        Failure   Level  Hunger
c - Conjure Flame         Conj/Fire      #######.     1%          3    None
d - Bolt of Draining      Conj/Necr      #######...   1%          5    None
f - Fireball              Conj/Fire      #######...   1%          5    None
p - Fulminant Prism       Conj/Hex       #######...   1%          4    None
t - Sticky Flame          Conj/Fire      #######.     1%          4    None
A - Apportation           Tloc           ######       1%          1    None
L - Summon Lightning Spi  Summ/Air       #######.     1%          4    None

Your spell library contained the following spells:

 Spells                   Type           Power        Failure   Level  Hunger
 Summon Small Mammal      Summ           ####         0%          1    None
 Animate Skeleton         Necr           N/A          1%          1    None
 Confusing Touch          Hex            ######       1%          1    None
 Corona                   Hex            #######      1%          1    None
 Flame Tongue             Conj/Fire      #####        1%          1    None
 Shock                    Conj/Air       ####         1%          1    None
 Sting                    Conj/Pois      ####         1%          1    None
 Call Imp                 Summ           #######.     1%          2    None
 Corpse Rot               Necr           N/A          1%          2    None
 Ensorcelled Hibernation  Hex/Ice        ######       1%          2    None
 Poisonous Vapours        Pois/Air       ######       1%          2    None
 Sublimation of Blood     Necr           #######...   1%          2    None
 Throw Flame              Conj/Fire      ######       1%          2    None
 Call Canine Familiar     Summ           #######.     1%          3    None
 Confuse                  Hex            #######.     1%          3    None
 Dazzling Spray           Conj/Hex       ######       1%          3    None
 Gell's Gravitas          Tloc           #######...   1%          3    None
 Inner Flame              Hex/Fire       #######.     1%          3    None
 Mephitic Cloud           Conj/Pois/Air  #######.     1%          3    None
 Static Discharge         Conj/Air       #######.     1%          3    None
 Summon Guardian Golem    Hex/Summ       #######.     1%          3    None
 Tukima's Dance           Hex            #######.     1%          3    None
 Airstrike                Air            #######...   1%          4    None
 Ice Form                 Ice/Tmut       #######.     1%          4    None
 Olgreb's Toxic Radiance  Pois           #######.     1%          4    None
 Petrify                  Tmut/Erth      #######.     1%          4    None
 Summon Ice Beast         Ice/Summ       #######.     1%          4    None
 Agony                    Necr           #######.     1%          5    None
 Dispel Undead            Necr           #######.     1%          5    None
 Excruciating Wounds      Chrm/Necr      #######...   1%          5    None
 Lightning Bolt           Conj/Air       #######...   1%          5    None
 Metabolic Englaciation   Hex/Ice        #######...   1%          5    None
 Silence                  Hex/Air        #######...   1%          5    None
 Summon Mana Viper        Hex/Summ       #######.     1%          5    None
 Venom Bolt               Conj/Pois      #######...   1%          5    None
 Yara's Violent Unravell  Hex/Tmut       #######...   1%          5    None
 Bolt of Cold             Conj/Ice       #######...   4%          6    ###....
 Freezing Cloud           Conj/Ice/Air   #######...   4%          6    ###....
 Invisibility             Hex            #######.     4%          6    ###....
 Ozocubu's Refrigeration  Ice            #######...   4%          6    ###....
 Simulacrum               Ice/Necr       #######...   4%          6    ###....
 Spellforged Servitor     Conj/Summ      #######...   19%         7    #####..
 Ring of Flames           Chrm/Fire      #######...   26%         7    #####..
 Ignition                 Fire           #######...   90%         8    ######.
 Shatter                  Erth           #######...   100%        9    #######
 Tornado                  Air            #######...   100%        9    #######


Dungeon Overview and Level Annotations

Branches:
Dungeon (15/15)            Temple (1/1) D:6            Lair (6/6) D:11
 Shoals (4/4) Lair:3       Spider (4/4) Lair:2          Orc (2/2) D:12
    Elf (1/3) Orc:2        Vaults (5/5) D:14
  Slime: Lair:5-6     Crypt: Vaults:2-3  Depths: D:15

Altars:
Cheibriados
Gozag
Kikubaaqudgha
Makhleb
Nemelex Xobeh
Okawaru
Qazlal
Sif Muna
Trog
Uskayaw
Wu Jian
Yredelemnul
Zin
The Shining One
Beogh

Shops:
D:12 *   D:13 *   Orc:1 =   Orc:2 *=([   Shoals:2 [   Shoals:4 *   Vaults:1 =[}

Portals:
Hell: Lair:6

Annotations:
Lair:4 Kirke
Shoals:3 exclusion: kraken


Innate Abilities, Weirdness & Mutations

Your experience applies equally to all skills.
You have very sharp teeth.
Your uncanny sense of smell can sniff out nearby items.


Message History

The storm dragon is moderately wounded.
The wyvern changes into a boggart!
The storm dragon breathes lightning at you.
The bolt of lightning misses you.
Unknown command.
You puncture the storm dragon! You bite the storm dragon.
The storm dragon is heavily wounded.
Your surroundings suddenly seem different.
Unknown command.
Unknown command.
Unknown command.
A deep elf mage comes into view. It is wielding a +0 rapier.
Unknown command.
Attack whom?
Press: ? - help, Dir - move target cursor, f - vault guard
Aim: a vault guard, wielding a +0 broad axe, wearing a +0 plate armour and You reach to attack!
You impale the vault guard!!
The vault guard is moderately wounded.
Attack whom?
Press: ? - help, Dir - move target cursor, f/p - vault guard
Aim: a vault guard, wielding a +0 broad axe, wearing a +0 plate armour and You reach to attack!
The vault guard blocks your attack.
The vault guard is moderately wounded.
You impale the vault guard!!
The vault guard is severely wounded.
The vault guard completely misses you.
You puncture the vault guard!
You feel better.
The vault guard is almost dead.
You puncture the vault guard!
You kill the vault guard!
Cheibriados thoroughly appreciates the change of pace.
Casting: Summon Lightning Spire (safe; 1% risk of failure)
Confirm with . or Enter, or press ? or * to list all spells.
Aiming: Bolt of Draining (safe; 1% risk of failure)
Press: ? - help, Shift-Dir - straight line, f - deep elf mage
Aim: a deep elf mage, wielding a +0 rapier The bolt of negative energy misses the deep elf mage.
Unknown command.
A yaktaur captain comes into view.
The deep elf mage points at you and mumbles some strange words.
The bolt of cold misses you.
A tengu reaver comes into view. It is wielding a +2 long sword.
The deep elf mage gestures wildly while chanting.
The deep elf mage blinks!
Things that are here:
a +0 broad axe; a +0 plate armour; a +0 shield Unknown command.
Unknown command.
A vault warden comes into view. It is wielding a +0 great mace.
A deep elf mage comes into view. It is wielding a +0 rapier.
The tengu reaver gestures at you while chanting.
The fireball explodes!
The fireball engulfs you!
* * * LOW HITPOINT WARNING * * *
The vault warden throws a stone.
The stone completely misses you.
The deep elf annihilator mumbles some strange words.
The deep elf annihilator blinks!
The vault warden throws a stone.
The stone barely misses you.
The deep elf mage moves out of view.
You hear a shout!
Unknown command.
Unknown command.
Unknown command.
Unknown command.
Unknown command.
Okay, then.
Okay, then.
Unknown command.
Okay, then.
Unknown command.
You feel better.
The yaktaur captain wields a +0 arbalest.
The yaktaur captain shoots a bolt.
You reflect the bolt off your +0 shield of reflection!
The bolt hits the yaktaur captain!
The deep elf annihilator points at you and mumbles some strange words.
The iron shot misses you.
The vault warden throws a stone.
You reflect the stone off your +0 shield of reflection!
The stone hits the vault warden!
Unknown command.
You are confused.
You feel invigorated.
An entropy weaver comes into view.
The vault warden throws a stone.
The stone completely misses you.
The yaktaur captain shoots a bolt.
The bolt hits you!
* * * LOW HITPOINT WARNING * * *
The deep elf mage gestures wildly while chanting.
The deep elf mage blinks!
The vault warden throws a stone.
The stone completely misses you. The deep elf annihilator misses you.
You see here a bolt.
Unknown command.
Unknown command.
Unknown command.
A stone giant and a vault warden come into view.
The vault warden is wielding a +0 battleaxe of chopping.
The yaktaur captain shoots a bolt.
The bolt completely misses you.
The bolt hits the deep elf mage!!
The deep elf mage mumbles some strange words.
The deep elf mage blinks!
The deep elf annihilator points at you and mumbles some strange words.
The iron shot hits you!
You die...

*,,,,*,,,,*,,**,,≈**,,,*,,,**,**,
,,,,,*,,,,*,..#*,*#.,,***,,,***,,
,,,,,*,,,,**...###..,**,**,,,*,,,
,,,,,*,,,,**,p..#.H,**,∆,**,,,,,,
*,,,,*,,,,*,,,..pp.**,∆,∆,**,,,**
**,,,*,,,,*,,##.pe,,**∆,,,,,,,,,*
,**,,*,,,,*,##..c#,,,**,,,,,,*,,,
*,**,*,,,,*##..eQ##,,,**,,,,**,,,
,*,***,,,,##....@.##,,,*,,,**,,,,
,,*,**,,,,#....e§(.##,,,,,**,,,,,
,,,*,,,,...§.##...(.#*,,,**,,,,,*
****,,,,....**#######************
,,,,,,,,..,,,,,,,,,,,,,,,,,,,,,,,
,,,,,,,,,,,,,,,,,,,,,,,,,,,,,,,,,
*********************************


You could see a vault warden, a tengu reaver, a yaktaur captain, 3 vault guards,
a deep elf annihilator, 2 deep elf magi and a harpy.

Vanquished Creatures
  2 golden dragons (Vaults:5)
  2 tentacled monstrosities (Vaults:5)
  2 titans (Vaults:5)
  A sphinx (Vaults:5)
  Polyphemus (Shoals:4)
  A storm dragon (Vaults:5)
  3 shadow dragons (Vaults:5)
  2 tengu reavers (Vaults:5)
  2 frost giants
  Ilsuiw (Shoals:4)
  A fire giant (Vaults:5)
  A deep elf sorcerer (Vaults:5)
  3 ghost moths
  An orc warlord (Orc:1)
  6 vault wardens
  2 emperor scorpions (Spider:4)
  6 stone giants
  4 ironheart preservers
  A very ugly thing (Vaults:5)
  An entropy weaver (Vaults:4)
  A spark wasp (Spider:4)
  A dire elephant (Lair:4)
  5 ettins
  4 merfolk javelineers (Shoals:4)
  A deep elf death mage (Vaults:5)
  A crystal guardian (D:12)
  2 blizzard demons (IceCv)
  A fire dragon (D:14)
  An ice dragon (Vaults:2)
  A deep elf high priest (Vaults:5)
  The ghost of Kyitigoi the Fighter, a journeyman DrFi of Okawaru (D:12)
  5 merfolk impalers
  18 vault guards
  2 yaktaur captains
  Harold (D:7)
  3 hydras
  2 alligator snapping turtles
  3 centaur warriors
  9 two-headed ogres
  An ogre mage (Vaults:5)
  4 merfolk aquamancers (Shoals:4)
  3 merfolk avatars
  4 dancing weapons (Vaults:5)
  A deep troll earth mage (Vaults:1)
  2 death yaks (Shoals:4)
  Urug (Lair:5)
  A sun demon (Lair:6)
  Sonja (Lair:5)
  Nergalle (D:12)
  2 deep elf knights (Vaults:1)
  4 deep trolls
  A shadow wraith (Vaults:3)
  A titan skeleton (Vaults:4)
  2 skeletal warriors (D:13)
  2 wizards
  6 sea snakes
  A flayed ghost (Vaults:3)
  A deep elf archer (Vaults:1)
  3 phantasmal warriors (Vaults:5)
  13 ironbrand convokers
  10 orc knights
  An orc sorcerer (Orc:2)
  9 harpies
  3 fauns (Shoals:1)
  11 wolf spiders
  2 necromancers
  7 orb spiders
  12 ugly things
  4 manticores
  12 deep elf magi
  3 cyclopes
  16 elephants
  A moth of wrath (Spider:4)
  An ice statue (IceCv)
  A moth of wrath (shapeshifter) (Vaults:5)
  2 centaur zombies
  5 black mambas
  2 vault sentinels
  2 water nymphs
  2 orange demons (Lair:6)
  2 gargoyles
  10 merfolk sirens
  8 spiny frogs
  4 rime drakes (Lair:6)
  A golden dragon simulacrum (IceCv)
  8 demonic crawlers
  2 kobold demonologists
  A human zombie (Vaults:4)
  3 komodo dragons
  5 ice devils (IceCv)
  3 freezing wraiths (IceCv)
  A red devil (Lair:6)
  4 anaconda simulacra (IceCv)
  21 yaktaurs
  10 jumping spiders
  4 trolls
  A polar bear (Lair:6)
  14 merfolk
  6 hornets
  4 wind drakes
  3 slime creatures (D:12)
  8 hippogriffs
  4 snapping turtles
  12 dream sheep
  9 spriggans
  A shadow (D:14)
  A spriggan (shapeshifter) (D:14)
  20 tarantellas
  4 wraiths
  4 humans (D:14)
  15 yaks
  29 redbacks
  6 water elementals
  2 wyverns
  3 basilisks (D:14)
  A hungry ghost (D:14)
  2 vampire mosquitoes (Spider:2)
  A steam dragon (D:13)
  4 harpy simulacra (IceCv)
  An iron troll simulacrum (IceCv)
  A deep troll zombie (Vaults:4)
  11 wargs
  2 acid dragons
  9 water moccasins
  6 hydra simulacra (IceCv)
  3 hell hounds (Lair:6)
  A hornet zombie (D:15)
  5 porcupines
  31 orc warriors
  2 sky beasts (D:11)
  2 black bears
  An ettin simulacrum (IceCv)
  2 ice beasts
  A phantom (D:9)
  14 ogres
  10 wolves (Lair:5)
  3 centaurs (D:14)
  3 crocodiles
  5 big kobolds
  7 bullfrogs
  2 scorpions
  An elephant simulacrum (IceCv)
  37 killer bees
  6 wights
  A howler monkey (D:8)
  2 crimson imps
  2 draconian simulacra (IceCv)
  A hound (D:14)
  A jelly (D:11)
  21 orc priests
  11 orc wizards
  4 centaur skeletons
  7 troll simulacra (IceCv)
  2 worker ants
  A worker ant (shapeshifter) (Vaults:5)
  A polar bear simulacrum (IceCv)
  4 centaur simulacra (IceCv)
  A worker ant zombie (D:10)
  An adder (D:12)
  2 naga simulacra (IceCv)
  3 ogre simulacra (IceCv)
  4 white imps (IceCv)
  3 ufetubi (IceCv)
  An adder zombie (D:8)
  3 leopard geckos
  70 orcs
  3 ball pythons
  4 giant cockroaches
  2 hobgoblins
  A quokka (D:12)
  5 kobolds
  A rat (D:3)
  A fungus (Lair:6)
  7 plants
843 creatures vanquished.

Vanquished Creatures (collateral kills)
  A tentacled monstrosity (Vaults:5)
  A shadow dragon (Vaults:5)
  The ghost of Ontamu the Tortoise, an adept MiBe of Trog (Shoals:3)
  5 vault wardens
  2 ironheart preservers
  The ghost of chorionicmirror the Carver, a journeyman DsFi of Makhleb (D:11)
  6 merfolk impalers
  A yaktaur captain (Vaults:4)
  6 vault guards
  Erolcha (D:13)
  A hydra (Lair:4)
  A merfolk avatar (Shoals:2)
  A merfolk aquamancer (Shoals:3)
  An alligator snapping turtle (Shoals:4)
  3 ogre magi
  A two-headed ogre (Vaults:5)
  A death yak (Shoals:4)
  A catoblepas (Shoals:4)
  A satyr (Shoals:4)
  A skeletal warrior (D:13)
  3 sea snakes
  2 ironbrand convokers
  A wizard (Lair:6)
  6 orc knights
  A fire giant zombie (Vaults:4)
  3 harpies
  3 orb spiders
  A cyclops (Shoals:2)
  5 ugly things
  4 wolf spiders
  3 fauns
  3 manticores
  3 elephants
  A water nymph (Shoals:2)
  2 vault sentinels
  A black mamba (Lair:5)
  A smoke demon (Lair:6)
  An orange demon (Lair:6)
  A freezing wraith (IceCv)
  2 komodo dragons
  A spiny frog (Lair:6)
  5 yaktaurs
  3 demonic crawlers
  A troll (D:9)
  2 ice devils
  A queen bee (D:11)
  6 jumping spiders
  10 merfolk
  A hornet (Spider:4)
  4 wind drakes (Shoals:3)
  9 dream sheep
  A blink frog (Lair:6)
  5 snapping turtles
  2 hippogriffs
  24 redbacks
  6 tarantellas
  4 spriggans (Lair:2)
  A human (D:14)
  A wyvern (Lair:3)
  18 yaks
  A hog (Lair:4)
  A vampire mosquito (Spider:2)
  2 steam dragons
  6 wargs
  A hydra simulacrum (IceCv)
  An iron troll simulacrum (IceCv)
  2 hell hounds (Lair:6)
  3 porcupines
  20 orc warriors
  A sky beast (D:9)
  6 ogres
  2 wolves (Lair:5)
  A centaur (D:12)
  2 crocodiles
  4 bullfrogs
  A scorpion (D:8)
  21 killer bees
  3 wights (D:7)
  3 howler monkeys
  5 crimson imps
  A hound (D:4)
  A jelly (D:13)
  9 orc priests
  8 orc wizards
  A bullfrog skeleton (D:5)
  An iguana (D:14)
  2 worker ants
  4 adders
  A white imp (IceCv)
  2 oozes (Sewer)
  An adder skeleton (D:4)
  A worm (D:5)
  4 leopard geckos
  48 orcs
  4 bats (Sewer)
  4 giant cockroaches (D:6)
  4 goblins
  A hobgoblin (D:3)
  A quokka (D:8)
  2 frilled lizards
  A giant cockroach zombie (D:5)
  19 kobolds
  4 rats
  3 plants
402 creatures vanquished.

Vanquished Creatures (others)
  A rakshasa (Vaults:1)
  A spiny frog (Lair:3)
  4 yaktaurs
  2 yaks (Lair:6)
  2 humans (D:14)
  An orc warrior (Vaults:5)
  A porcupine (Lair:3)
  A shadow imp (D:12)
  An orc (Orc:2)
  70 bushes (Lair:6)
  4 fulminant prisms
  24 fungi
  20 plants
132 creatures vanquished.

Grand Total: 1377 creatures vanquished

Notes
Turn   | Place    | Note
-------+----------+-------------------------------------------
     0 | D:1      | tidbits the Gnoll Summoner began the quest for the Orb.
     0 | D:1      | Reached XP level 1. HP: 13/13 MP: 6/6
   337 | D:2      | Reached XP level 2. HP: 19/19 MP: 7/7
   343 | D:2      | Learned a level 2 spell: Call Imp
   456 | D:3      | Found an opulent altar of Gozag.
   570 | D:3      | Reached XP level 3. HP: 25/25 MP: 9/9
   575 | D:3      | Learned a level 3 spell: Call Canine Familiar
   677 | D:4      | Noticed an ogre
   702 | D:4      | Killed an ogre
   702 | D:4      | Reached skill level 1 in Fighting
   702 | D:4      | Reached skill level 1 in Short Blades
   702 | D:4      | Reached skill level 1 in Long Blades
   702 | D:4      | Reached skill level 1 in Axes
   702 | D:4      | Reached skill level 1 in Maces & Flails
   702 | D:4      | Reached skill level 1 in Polearms
   702 | D:4      | Reached skill level 1 in Staves
   702 | D:4      | Reached skill level 1 in Slings
   702 | D:4      | Reached skill level 1 in Bows
   702 | D:4      | Reached skill level 1 in Crossbows
   702 | D:4      | Reached skill level 1 in Throwing
   702 | D:4      | Reached skill level 1 in Armour
   702 | D:4      | Reached skill level 1 in Shields
   702 | D:4      | Reached skill level 1 in Unarmed Combat
   702 | D:4      | Reached skill level 5 in Spellcasting
   702 | D:4      | Reached skill level 1 in Invocations
   702 | D:4      | Reached skill level 1 in Evocations
   702 | D:4      | Reached XP level 4. HP: 32/32 MP: 10/11
   708 | D:4      | Learned a level 4 spell: Summon Lightning Spire
   752 | D:4      | Reached skill level 1 in Conjurations
   752 | D:4      | Reached skill level 1 in Hexes
   752 | D:4      | Reached skill level 1 in Charms
   752 | D:4      | Reached skill level 1 in Necromancy
   752 | D:4      | Reached skill level 1 in Translocations
   752 | D:4      | Reached skill level 1 in Transmutations
   752 | D:4      | Reached skill level 1 in Fire Magic
   752 | D:4      | Reached skill level 1 in Ice Magic
   752 | D:4      | Reached skill level 1 in Air Magic
   752 | D:4      | Reached skill level 1 in Earth Magic
   752 | D:4      | Reached skill level 1 in Poison Magic
   811 | D:5      | Entered Level 5 of the Dungeon
   861 | D:5      | Noticed an ice beast
   863 | D:5      | Killed an ice beast
   863 | D:5      | Reached XP level 5. HP: 37/37 MP: 12/12
   924 | D:6      | Noticed an ogre
   929 | D:6      | Killed an ogre
   929 | D:6      | Reached skill level 2 in Invocations
   929 | D:6      | Reached XP level 6. HP: 44/44 MP: 13/13
   937 | D:6      | Found a glowing golden altar of the Shining One.
   946 | D:6      | Reached skill level 5 in Dodging
   998 | D:7      | Noticed Harold
  1020 | D:7      | Killed Harold
  1020 | D:7      | Reached skill level 2 in Fighting
  1020 | D:7      | Reached skill level 2 in Short Blades
  1020 | D:7      | Reached skill level 2 in Long Blades
  1020 | D:7      | Reached skill level 2 in Axes
  1020 | D:7      | Reached skill level 2 in Maces & Flails
  1020 | D:7      | Reached skill level 2 in Polearms
  1020 | D:7      | Reached skill level 2 in Staves
  1020 | D:7      | Reached skill level 2 in Slings
  1020 | D:7      | Reached skill level 2 in Bows
  1020 | D:7      | Reached skill level 2 in Crossbows
  1020 | D:7      | Reached skill level 2 in Throwing
  1020 | D:7      | Reached skill level 2 in Armour
  1020 | D:7      | Reached skill level 5 in Stealth
  1020 | D:7      | Reached skill level 2 in Shields
  1020 | D:7      | Reached skill level 2 in Unarmed Combat
  1020 | D:7      | Reached skill level 2 in Conjurations
  1020 | D:7      | Reached skill level 2 in Hexes
  1020 | D:7      | Reached skill level 2 in Charms
  1020 | D:7      | Reached skill level 2 in Necromancy
  1020 | D:7      | Reached skill level 2 in Translocations
  1020 | D:7      | Reached skill level 2 in Transmutations
  1020 | D:7      | Reached skill level 2 in Fire Magic
  1020 | D:7      | Reached skill level 2 in Ice Magic
  1020 | D:7      | Reached skill level 2 in Air Magic
  1020 | D:7      | Reached skill level 2 in Earth Magic
  1020 | D:7      | Reached skill level 2 in Poison Magic
  1020 | D:7      | Reached skill level 2 in Evocations
  1020 | D:7      | Reached XP level 7. HP: 13/51 MP: 15/15
  1103 | D:7      | Reached skill level 3 in Invocations
  1164 | D:6      | Found a glowing drain.
  1180 | Sewer    | Entered a sewer
  1205 | Sewer    | Reached XP level 8. HP: 41/57 MP: 11/16
  1418 | D:6      | Reached skill level 3 in Fighting
  1418 | D:6      | Reached skill level 3 in Short Blades
  1418 | D:6      | Reached skill level 3 in Long Blades
  1418 | D:6      | Reached skill level 3 in Axes
  1418 | D:6      | Reached skill level 3 in Maces & Flails
  1418 | D:6      | Reached skill level 3 in Polearms
  1418 | D:6      | Reached skill level 3 in Staves
  1418 | D:6      | Reached skill level 3 in Slings
  1418 | D:6      | Reached skill level 3 in Bows
  1418 | D:6      | Reached skill level 3 in Crossbows
  1418 | D:6      | Reached skill level 3 in Throwing
  1418 | D:6      | Reached skill level 3 in Armour
  1418 | D:6      | Reached skill level 3 in Shields
  1418 | D:6      | Reached skill level 3 in Unarmed Combat
  1418 | D:6      | Reached skill level 3 in Evocations
  1430 | D:6      | Found a stormy altar of Qazlal.
  1432 | D:6      | Noticed a water elemental
  1437 | D:6      | Noticed an air elemental
  1548 | D:6      | Found a staircase to the Ecumenical Temple.
  1563 | Temple   | Entered the Ecumenical Temple
  1580 | Temple   | Became a worshipper of Cheibriados the Contemplative
  1741 | D:7      | Reached skill level 6 in Spellcasting
  1807 | D:7      | Reached * piety under Cheibriados
  1986 | D:8      | Reached skill level 4 in Invocations
  1989 | D:8      | Reached ** piety under Cheibriados
  1989 | D:8      | Reached skill level 3 in Conjurations
  1989 | D:8      | Reached skill level 3 in Hexes
  1989 | D:8      | Reached skill level 3 in Charms
  1989 | D:8      | Reached skill level 3 in Necromancy
  1989 | D:8      | Reached skill level 3 in Translocations
  1989 | D:8      | Reached skill level 3 in Transmutations
  1989 | D:8      | Reached skill level 3 in Fire Magic
  1989 | D:8      | Reached skill level 3 in Ice Magic
  1989 | D:8      | Reached skill level 3 in Air Magic
  1989 | D:8      | Reached skill level 3 in Earth Magic
  1989 | D:8      | Reached skill level 3 in Poison Magic
  2026 | D:8      | Found a hide-covered altar of Uskayaw.
  2028 | D:8      | Found an ancient bone altar of Kikubaaqudgha.
  2065 | D:8      | Reached skill level 6 in Dodging
  2065 | D:8      | Reached XP level 9. HP: 62/65 MP: 18/18
  2175 | D:8      | Found an ornate altar of the Wu Jian Council.
  2256 | D:9      | Noticed a troll
  2259 | D:9      | Reached skill level 4 in Fighting
  2259 | D:9      | Reached skill level 4 in Short Blades
  2259 | D:9      | Reached skill level 4 in Long Blades
  2259 | D:9      | Reached skill level 4 in Axes
  2259 | D:9      | Reached skill level 4 in Maces & Flails
  2259 | D:9      | Reached skill level 4 in Polearms
  2259 | D:9      | Reached skill level 4 in Staves
  2259 | D:9      | Reached skill level 4 in Slings
  2259 | D:9      | Reached skill level 4 in Bows
  2259 | D:9      | Reached skill level 4 in Crossbows
  2259 | D:9      | Reached skill level 4 in Throwing
  2259 | D:9      | Reached skill level 4 in Armour
  2259 | D:9      | Reached skill level 4 in Shields
  2259 | D:9      | Reached skill level 4 in Unarmed Combat
  2259 | D:9      | Reached skill level 4 in Evocations
  2265 | D:9      | Killed a troll
  2313 | D:9      | Reached skill level 6 in Stealth
  2313 | D:9      | Reached skill level 8 in Summonings
  2342 | D:10     | Entered Level 10 of the Dungeon
  2462 | D:11     | Learned a level 4 spell: Sticky Flame
  2509 | D:11     | Reached *** piety under Cheibriados
  2515 | D:11     | Reached skill level 5 in Invocations
  2517 | D:11     | Found a staircase to the Lair.
  2517 | D:11     | Noticed a troll
  2525 | D:11     | Killed a troll
  2548 | D:11     | Reached skill level 7 in Spellcasting
  2548 | D:11     | Reached skill level 4 in Conjurations
  2548 | D:11     | Reached skill level 4 in Hexes
  2548 | D:11     | Reached skill level 4 in Charms
  2548 | D:11     | Reached skill level 4 in Necromancy
  2548 | D:11     | Reached skill level 4 in Translocations
  2548 | D:11     | Reached skill level 4 in Transmutations
  2548 | D:11     | Reached skill level 4 in Fire Magic
  2548 | D:11     | Reached skill level 4 in Ice Magic
  2548 | D:11     | Reached skill level 4 in Air Magic
  2548 | D:11     | Reached skill level 4 in Earth Magic
  2548 | D:11     | Reached skill level 4 in Poison Magic
  2548 | D:11     | Reached XP level 10. HP: 59/73 MP: 11/20
  2572 | D:11     | Learned a level 3 spell: Conjure Flame
  2573 | Lair:1   | Entered Level 1 of the Lair of Beasts
  2622 | Lair:1   | Noticed a spiny frog
  2630 | Lair:1   | Killed a spiny frog
  2632 | Lair:1   | Reached skill level 5 in Fighting
  2632 | Lair:1   | Reached skill level 5 in Short Blades
  2632 | Lair:1   | Reached skill level 5 in Long Blades
  2632 | Lair:1   | Reached skill level 5 in Axes
  2632 | Lair:1   | Reached skill level 5 in Maces & Flails
  2632 | Lair:1   | Reached skill level 5 in Polearms
  2632 | Lair:1   | Reached skill level 5 in Staves
  2632 | Lair:1   | Reached skill level 5 in Slings
  2632 | Lair:1   | Reached skill level 5 in Bows
  2632 | Lair:1   | Reached skill level 5 in Crossbows
  2632 | Lair:1   | Reached skill level 5 in Throwing
  2632 | Lair:1   | Reached skill level 5 in Armour
  2632 | Lair:1   | Reached skill level 5 in Shields
  2632 | Lair:1   | Reached skill level 5 in Unarmed Combat
  2632 | Lair:1   | Reached skill level 5 in Evocations
  2669 | Lair:1   | Noticed a black mamba
  2677 | Lair:1   | Killed a black mamba
  2709 | Lair:1   | Reached skill level 7 in Dodging
  2897 | Lair:1   | Reached skill level 6 in Invocations
  2935 | Lair:2   | Reached **** piety under Cheibriados
  2935 | Lair:2   | Reached skill level 7 in Stealth
  3025 | Lair:2   | Reached XP level 11. HP: 78/81 MP: 17/22
  3031 | Lair:2   | Reached ***** piety under Cheibriados
  3039 | Lair:2   | Reached skill level 6 in Fighting
  3039 | Lair:2   | Reached skill level 6 in Short Blades
  3039 | Lair:2   | Reached skill level 6 in Long Blades
  3039 | Lair:2   | Reached skill level 6 in Axes
  3039 | Lair:2   | Reached skill level 6 in Maces & Flails
  3039 | Lair:2   | Reached skill level 6 in Polearms
  3039 | Lair:2   | Reached skill level 6 in Staves
  3039 | Lair:2   | Reached skill level 6 in Slings
  3039 | Lair:2   | Reached skill level 6 in Bows
  3039 | Lair:2   | Reached skill level 6 in Crossbows
  3039 | Lair:2   | Reached skill level 6 in Throwing
  3039 | Lair:2   | Reached skill level 6 in Armour
  3039 | Lair:2   | Reached skill level 6 in Shields
  3039 | Lair:2   | Reached skill level 6 in Unarmed Combat
  3039 | Lair:2   | Reached skill level 6 in Evocations
  3043 | Lair:2   | Reached skill level 5 in Conjurations
  3043 | Lair:2   | Reached skill level 5 in Hexes
  3043 | Lair:2   | Reached skill level 5 in Charms
  3043 | Lair:2   | Reached skill level 5 in Necromancy
  3043 | Lair:2   | Reached skill level 5 in Translocations
  3043 | Lair:2   | Reached skill level 5 in Transmutations
  3043 | Lair:2   | Reached skill level 5 in Fire Magic
  3043 | Lair:2   | Reached skill level 5 in Ice Magic
  3043 | Lair:2   | Reached skill level 5 in Air Magic
  3043 | Lair:2   | Reached skill level 5 in Earth Magic
  3043 | Lair:2   | Reached skill level 5 in Poison Magic
  3054 | Lair:2   | Got a shimmering silver ring
  3056 | Lair:2   | Identified the ring of the Spinneret {*Tele rPois MR+ Str+8
                  | Stlth+} (You found it on level 2 of the Lair of Beasts)
  3100 | Lair:2   | Identified Vyinob's Compendium of Beguiling
  3111 | Lair:2   | Learned a level 4 spell: Fulminant Prism
  3173 | Lair:2   | Reached skill level 8 in Spellcasting
  3248 | Lair:2   | Found a hole to the Spider Nest.
  3283 | Spider:1 | Entered Level 1 of the Spider Nest
  3283 | Spider:1 | Noticed a wolf spider
  3287 | Spider:1 | Killed a wolf spider
  3313 | Spider:1 | Noticed a wolf spider
  3320 | Spider:1 | Reached skill level 9 in Summonings
  3320 | Spider:1 | Reached skill level 7 in Invocations
  3325 | Spider:1 | Killed a wolf spider
  3325 | Spider:1 | Reached skill level 8 in Dodging
  3360 | Spider:1 | Noticed an orb spider
  3366 | Spider:1 | HP: 7/83 [disintegration (42)]
  3367 | Spider:1 | Killed an orb spider
  3381 | Spider:1 | Noticed a wolf spider
  3385 | Spider:1 | Killed a wolf spider
  3394 | Spider:1 | Reached skill level 8 in Stealth
  3411 | Spider:1 | Reached XP level 12. HP: 33/89 MP: 6/24
  3740 | Lair:4   | Reached ****** piety under Cheibriados
  3779 | Lair:4   | Learned a level 5 spell: Fireball
  3788 | Lair:5   | Noticed Urug
  3802 | Lair:5   | Killed Urug
  3830 | Lair:6   | Entered Level 6 of the Lair of Beasts
  3846 | Lair:6   | Reached skill level 7 in Fighting
  3846 | Lair:6   | Reached skill level 7 in Short Blades
  3846 | Lair:6   | Reached skill level 7 in Long Blades
  3846 | Lair:6   | Reached skill level 7 in Axes
  3846 | Lair:6   | Reached skill level 7 in Maces & Flails
  3846 | Lair:6   | Reached skill level 7 in Polearms
  3846 | Lair:6   | Reached skill level 7 in Staves
  3846 | Lair:6   | Reached skill level 7 in Slings
  3846 | Lair:6   | Reached skill level 7 in Bows
  3846 | Lair:6   | Reached skill level 7 in Crossbows
  3846 | Lair:6   | Reached skill level 7 in Throwing
  3846 | Lair:6   | Reached skill level 7 in Armour
  3846 | Lair:6   | Reached skill level 7 in Shields
  3846 | Lair:6   | Reached skill level 7 in Unarmed Combat
  3846 | Lair:6   | Reached skill level 7 in Evocations
  3848 | Lair:6   | Noticed a seven-headed hydra
  3866 | Lair:6   | Killed a seven-headed hydra
  3897 | Lair:6   | Reached skill level 6 in Conjurations
  3897 | Lair:6   | Reached skill level 6 in Hexes
  3897 | Lair:6   | Reached skill level 6 in Charms
  3897 | Lair:6   | Reached skill level 6 in Necromancy
  3897 | Lair:6   | Reached skill level 6 in Translocations
  3897 | Lair:6   | Reached skill level 6 in Transmutations
  3897 | Lair:6   | Reached skill level 6 in Fire Magic
  3897 | Lair:6   | Reached skill level 6 in Ice Magic
  3897 | Lair:6   | Reached skill level 6 in Air Magic
  3897 | Lair:6   | Reached skill level 6 in Earth Magic
  3897 | Lair:6   | Reached skill level 6 in Poison Magic
  3899 | Lair:6   | Reached skill level 8 in Invocations
  3922 | Lair:6   | Noticed a five-headed hydra
  3944 | Lair:6   | Noticed a four-headed hydra
  3959 | Lair:6   | Killed a four-headed hydra
  3959 | Lair:6   | Reached skill level 9 in Spellcasting
  4070 | Lair:6   | Found a burning altar of Makhleb.
  4074 | Lair:6   | Noticed a sun demon
  4076 | Lair:6   | Reached skill level 9 in Dodging
  4085 | Lair:6   | Killed a sun demon
  4088 | Lair:6   | Reached XP level 13. HP: 34/98 MP: 14/26
  4105 | Lair:6   | Found a gateway to Hell.
  4142 | Lair:6   | Reached skill level 9 in Stealth
  4254 | Lair:6   | Reached skill level 8 in Fighting
  4254 | Lair:6   | Reached skill level 8 in Short Blades
  4254 | Lair:6   | Reached skill level 8 in Long Blades
  4254 | Lair:6   | Reached skill level 8 in Axes
  4254 | Lair:6   | Reached skill level 8 in Maces & Flails
  4254 | Lair:6   | Reached skill level 8 in Polearms
  4254 | Lair:6   | Reached skill level 8 in Staves
  4254 | Lair:6   | Reached skill level 8 in Slings
  4254 | Lair:6   | Reached skill level 8 in Bows
  4254 | Lair:6   | Reached skill level 8 in Crossbows
  4254 | Lair:6   | Reached skill level 8 in Throwing
  4254 | Lair:6   | Reached skill level 8 in Armour
  4254 | Lair:6   | Reached skill level 8 in Shields
  4254 | Lair:6   | Reached skill level 8 in Unarmed Combat
  4254 | Lair:6   | Reached skill level 8 in Evocations
  4264 | Lair:5   | Noticed Sonja
  4266 | Lair:5   | Killed Sonja
  4566 | Lair:4   | Reached skill level 9 in Invocations
  4617 | Lair:4   | Reached skill level 10 in Summonings
  4624 | Lair:4   | Reached skill level 7 in Conjurations
  4624 | Lair:4   | Reached skill level 7 in Hexes
  4624 | Lair:4   | Reached skill level 7 in Charms
  4624 | Lair:4   | Reached skill level 7 in Necromancy
  4624 | Lair:4   | Reached skill level 7 in Translocations
  4624 | Lair:4   | Reached skill level 7 in Transmutations
  4624 | Lair:4   | Reached skill level 7 in Fire Magic
  4624 | Lair:4   | Reached skill level 7 in Ice Magic
  4624 | Lair:4   | Reached skill level 7 in Air Magic
  4624 | Lair:4   | Reached skill level 7 in Earth Magic
  4624 | Lair:4   | Reached skill level 7 in Poison Magic
  4643 | Lair:4   | Noticed a dire elephant
  4656 | Lair:4   | Killed a dire elephant
  4798 | Lair:4   | Noticed Kirke
  5048 | Lair:3   | Found a staircase to the Shoals.
  5051 | Lair:3   | Reached skill level 10 in Spellcasting
  5055 | Shoals:1 | Entered Level 1 of the Shoals
  5068 | Shoals:1 | Reached XP level 14. HP: 106/106 MP: 28/28
  5145 | Shoals:1 | Identified the Handbook of Feathers and the Escort
  5360 | Shoals:2 | Reached skill level 10 in Dodging
  5443 | Shoals:2 | Found Viteif's Armour Shoppe.
  5467 | Shoals:2 | Reached skill level 9 in Fighting
  5467 | Shoals:2 | Reached skill level 9 in Short Blades
  5467 | Shoals:2 | Reached skill level 9 in Long Blades
  5467 | Shoals:2 | Reached skill level 9 in Axes
  5467 | Shoals:2 | Reached skill level 9 in Maces & Flails
  5467 | Shoals:2 | Reached skill level 9 in Polearms
  5467 | Shoals:2 | Reached skill level 9 in Staves
  5467 | Shoals:2 | Reached skill level 9 in Slings
  5467 | Shoals:2 | Reached skill level 9 in Bows
  5467 | Shoals:2 | Reached skill level 9 in Crossbows
  5467 | Shoals:2 | Reached skill level 9 in Throwing
  5467 | Shoals:2 | Reached skill level 9 in Armour
  5467 | Shoals:2 | Reached skill level 9 in Shields
  5467 | Shoals:2 | Reached skill level 9 in Unarmed Combat
  5467 | Shoals:2 | Reached skill level 9 in Evocations
  5524 | Shoals:3 | Found a runed door.
  5550 | Shoals:3 | Found a flickering gateway to a bazaar.
  5555 | Bazaar   | Entered a bazaar
  5584 | Bazaar   | Found Tomyopn's Assorted Antiques.
  5604 | Bazaar   | Found Nurink's Weapon Shop.
  5631 | Bazaar   | Found Xashesel's Antique Armour Shoppe.
  5643 | Bazaar   | Found Nitru's Antique Armour Emporium.
  5651 | Bazaar   | Bought a shiny shield for 225 gold pieces
  5682 | Bazaar   | Bought a hardcover book for 375 gold pieces
  5682 | Bazaar   | Bought a fizzy orange potion for 22 gold pieces
  5682 | Bazaar   | Bought a pair of glowing boots for 187 gold pieces
  5690 | Bazaar   | Identified a +2 pair of boots of running (You bought it in
                  | a shop in a bazaar)
  5696 | Bazaar   | Bought a cloak for 112 gold pieces
  5701 | Bazaar   | Bought a glowing hat for 175 gold pieces
  5701 | Bazaar   | Bought a pair of boots for 112 gold pieces
  5745 | Shoals:3 | Reached skill level 10 in Stealth
  5761 | Shoals:3 | Noticed a kraken
  5845 | Shoals:3 | Reached skill level 10 in Invocations
  5928 | Shoals:3 | Noticed Ontamu's ghost (adept MiBe)
  5961 | Shoals:3 | Killed Ontamu's ghost
  5977 | Shoals:4 | Entered Level 4 of the Shoals
  5977 | Shoals:4 | Found Genicy's General Store.
  5999 | Shoals:4 | Bought a scroll of identify for 36 gold pieces
  6141 | Shoals:4 | Identified the Guide on Supportive Feathers
  6179 | Shoals:4 | Noticed Polyphemus
  6246 | Shoals:4 | Reached skill level 8 in Conjurations
  6246 | Shoals:4 | Reached skill level 8 in Hexes
  6246 | Shoals:4 | Reached skill level 8 in Charms
  6246 | Shoals:4 | Reached skill level 8 in Necromancy
  6246 | Shoals:4 | Reached skill level 8 in Translocations
  6246 | Shoals:4 | Reached skill level 8 in Transmutations
  6246 | Shoals:4 | Reached skill level 8 in Fire Magic
  6246 | Shoals:4 | Reached skill level 8 in Ice Magic
  6246 | Shoals:4 | Reached skill level 8 in Air Magic
  6246 | Shoals:4 | Reached skill level 8 in Earth Magic
  6246 | Shoals:4 | Reached skill level 8 in Poison Magic
  6248 | Shoals:4 | Reached XP level 15. HP: 97/114 MP: 15/29
  6343 | Shoals:4 | Noticed a frost giant
  6351 | Shoals:4 | Killed a frost giant
  6499 | Shoals:4 | Got a barnacled rune of Zot
  6525 | Shoals:4 | Got a glittering ivory amulet
  6526 | Shoals:4 | Identified the amulet "Upuok" {Inacc rF+} (You found it on
                  | level 4 of the Shoals)
  6628 | Shoals:4 | Noticed Ilsuiw
  6631 | Shoals:4 | Reached skill level 11 in Spellcasting
  6652 | Shoals:4 | Killed Polyphemus
  6669 | Shoals:4 | Reached skill level 10 in Fighting
  6669 | Shoals:4 | Reached skill level 10 in Short Blades
  6669 | Shoals:4 | Reached skill level 10 in Long Blades
  6669 | Shoals:4 | Reached skill level 10 in Axes
  6669 | Shoals:4 | Reached skill level 10 in Maces & Flails
  6669 | Shoals:4 | Reached skill level 10 in Polearms
  6669 | Shoals:4 | Reached skill level 10 in Staves
  6669 | Shoals:4 | Reached skill level 10 in Slings
  6669 | Shoals:4 | Reached skill level 10 in Bows
  6669 | Shoals:4 | Reached skill level 10 in Crossbows
  6669 | Shoals:4 | Reached skill level 10 in Throwing
  6669 | Shoals:4 | Reached skill level 10 in Armour
  6669 | Shoals:4 | Reached skill level 10 in Shields
  6669 | Shoals:4 | Reached skill level 10 in Unarmed Combat
  6669 | Shoals:4 | Reached skill level 10 in Evocations
  6706 | Shoals:4 | HP: 7/115 [something/shard of ice (39)]
  6709 | Shoals:4 | Killed Ilsuiw
  6852 | Shoals:1 | Reached skill level 11 in Dodging
  6874 | Shoals:1 | Reached skill level 11 in Summonings
  7053 | Spider:3 | Noticed a ghost moth
  7056 | Spider:3 | Killed a ghost moth
  7056 | Spider:3 | Reached skill level 11 in Invocations
  7106 | Spider:3 | Reached skill level 11 in Stealth
  7149 | Spider:4 | Entered Level 4 of the Spider Nest
  7181 | Spider:4 | Found a frozen archway.
  7194 | IceCv    | Entered an ice cave
  7213 | IceCv    | Reached XP level 16. HP: 102/122 MP: 15/31
  7815 | Spider:4 | Reached skill level 9 in Conjurations
  7815 | Spider:4 | Reached skill level 9 in Hexes
  7815 | Spider:4 | Reached skill level 9 in Charms
  7815 | Spider:4 | Reached skill level 9 in Necromancy
  7815 | Spider:4 | Reached skill level 9 in Translocations
  7815 | Spider:4 | Reached skill level 9 in Transmutations
  7815 | Spider:4 | Reached skill level 9 in Fire Magic
  7815 | Spider:4 | Reached skill level 9 in Ice Magic
  7815 | Spider:4 | Reached skill level 9 in Air Magic
  7815 | Spider:4 | Reached skill level 9 in Earth Magic
  7815 | Spider:4 | Reached skill level 9 in Poison Magic
  7974 | Spider:4 | Got a gossamer rune of Zot
  8740 | D:11     | Noticed chorionicmirror's ghost (journeyman DsFi)
  8748 | D:11     | Found a runed door.
  8769 | D:11     | Killed chorionicmirror's ghost
  8961 | D:12     | Found a runed gate.
  8970 | D:12     | Found a runed gate.
  8970 | D:12     | Found an opulent altar of Gozag.
  8971 | D:12     | Found a runed gate.
  8972 | D:12     | Found Qahileprea's Assorted Antiques.
  8973 | D:12     | Noticed Kyitigoi's ghost (journeyman DrFi)
  9042 | D:12     | Reached skill level 11 in Fighting
  9042 | D:12     | Reached skill level 11 in Short Blades
  9042 | D:12     | Reached skill level 11 in Long Blades
  9042 | D:12     | Reached skill level 11 in Axes
  9042 | D:12     | Reached skill level 11 in Maces & Flails
  9042 | D:12     | Reached skill level 11 in Polearms
  9042 | D:12     | Reached skill level 11 in Staves
  9042 | D:12     | Reached skill level 11 in Slings
  9042 | D:12     | Reached skill level 11 in Bows
  9042 | D:12     | Reached skill level 11 in Crossbows
  9042 | D:12     | Reached skill level 11 in Throwing
  9042 | D:12     | Reached skill level 11 in Armour
  9042 | D:12     | Reached skill level 11 in Shields
  9042 | D:12     | Reached skill level 11 in Unarmed Combat
  9042 | D:12     | Reached skill level 11 in Evocations
  9105 | D:13     | Found Ceorafurr's General Store.
  9108 | D:13     | Bought a scroll of amnesia for 45 gold pieces
  9108 | D:13     | Bought a scroll of magic mapping for 45 gold pieces
  9108 | D:13     | Bought a scroll of fog for 26 gold pieces
  9135 | D:13     | Noticed Erolcha
  9152 | D:13     | Killed Erolcha
  9268 | D:14     | Reached skill level 12 in Spellcasting
  9374 | D:13     | Reached XP level 17. HP: 131/131 MP: 24/33
  9516 | D:12     | Found a staircase to the Orcish Mines.
  9539 | Orc:1    | Entered Level 1 of the Orcish Mines
  9591 | Orc:1    | Reached skill level 12 in Invocations
  9639 | Orc:1    | Found Gure Isi's Jewellery Emporium.
  9648 | Orc:1    | Bought an uncursed amulet of magic regeneration for 450
                  | gold pieces
  9761 | Orc:2    | Entered Level 2 of the Orcish Mines
  9761 | Orc:2    | Found a roughly hewn altar of Beogh.
  9794 | Orc:2    | Reached skill level 12 in Dodging
  9929 | Orc:2    | Found a roughly hewn altar of Beogh.
  9943 | Orc:2    | Found Kihuriq's General Store.
  9943 | Orc:2    | Found Ydirhah's Jewellery Shop.
 10033 | Orc:2    | Found Ykocwibu's Weapon Emporium.
 10033 | Orc:2    | Found Igeniv's Antique Armour Shop.
 10160 | Orc:2    | Found a staircase to the Elven Halls.
 10184 | Elf:1    | Entered Level 1 of the Elven Halls
 10235 | Orc:1    | Reached skill level 12 in Stealth
 10521 | D:12     | Noticed Nergalle
 10532 | D:12     | Killed Nergalle
 10655 | D:12     | Killed Kyitigoi's ghost
 10786 | Orc:2    | Bought the ring "Dakhleg" {MR+++ AC+2 Str-5 Slay+6 Stlth-}
                  | for 581 gold pieces
 11040 | D:15     | Entered Level 15 of the Dungeon
 11411 | D:14     | Learned a level 5 spell: Bolt of Draining
 11432 | D:14     | Found a gate to the Vaults.
 11442 | Vaults:1 | Entered Level 1 of the Vaults
 11442 | Vaults:1 | Found Gydisy's Gadget Emporium.
 11522 | Vaults:1 | Reached skill level 12 in Summonings
 11555 | Vaults:1 | Reached skill level 10 in Conjurations
 11555 | Vaults:1 | Reached skill level 10 in Hexes
 11555 | Vaults:1 | Reached skill level 10 in Charms
 11555 | Vaults:1 | Reached skill level 10 in Necromancy
 11555 | Vaults:1 | Reached skill level 10 in Translocations
 11555 | Vaults:1 | Reached skill level 10 in Transmutations
 11555 | Vaults:1 | Reached skill level 10 in Fire Magic
 11555 | Vaults:1 | Reached skill level 10 in Ice Magic
 11555 | Vaults:1 | Reached skill level 10 in Air Magic
 11555 | Vaults:1 | Reached skill level 10 in Earth Magic
 11555 | Vaults:1 | Reached skill level 10 in Poison Magic
 11574 | Vaults:1 | Found Ruattil's Armour Shop.
 11587 | Vaults:1 | Bought a +0 cloak of poison resistance for 102 gold pieces
 11663 | Vaults:1 | Reached XP level 18. HP: 139/139 MP: 27/34
 11715 | Vaults:1 | Found Luett's Jewellery Shoppe.
 11867 | Vaults:1 | Learned a level 1 spell: Apportation
 12154 | Vaults:4 | Reached skill level 12 in Fighting
 12154 | Vaults:4 | Reached skill level 12 in Short Blades
 12154 | Vaults:4 | Reached skill level 12 in Long Blades
 12154 | Vaults:4 | Reached skill level 12 in Axes
 12154 | Vaults:4 | Reached skill level 12 in Maces & Flails
 12154 | Vaults:4 | Reached skill level 12 in Polearms
 12154 | Vaults:4 | Reached skill level 12 in Staves
 12154 | Vaults:4 | Reached skill level 12 in Slings
 12154 | Vaults:4 | Reached skill level 12 in Bows
 12154 | Vaults:4 | Reached skill level 12 in Crossbows
 12154 | Vaults:4 | Reached skill level 12 in Throwing
 12154 | Vaults:4 | Reached skill level 12 in Armour
 12154 | Vaults:4 | Reached skill level 12 in Shields
 12154 | Vaults:4 | Reached skill level 12 in Unarmed Combat
 12154 | Vaults:4 | Reached skill level 12 in Evocations
 12212 | Vaults:4 | Reached skill level 13 in Invocations
 12324 | Vaults:4 | Reached skill level 13 in Spellcasting
 12393 | Vaults:5 | Entered Level 5 of the Vaults
 12393 | Vaults:5 | Noticed a titan
 12396 | Vaults:5 | Noticed a titan
 12431 | Vaults:5 | Reached skill level 13 in Dodging
 12435 | Vaults:5 | Got a silver rune of Zot
 12467 | Vaults:5 | Noticed a tentacled monstrosity
 12480 | Vaults:5 | Killed a tentacled monstrosity
 12485 | Vaults:5 | Reached XP level 19. HP: 108/147 MP: 14/36
 12547 | Vaults:5 | Noticed a tentacled monstrosity
 12556 | Vaults:5 | Killed a tentacled monstrosity
 12556 | Vaults:5 | Reached skill level 13 in Stealth
 12693 | Vaults:5 | Identified the +2 pair of boots of the Game Afoot {rElec
                  | rCorr Dex+6} (You found it on level 5 of the Vaults)
 12781 | Vaults:5 | Noticed a golden dragon
 12798 | Vaults:5 | Killed a golden dragon
 12889 | Vaults:5 | Noticed a tentacled monstrosity
 12907 | Vaults:5 | Killed a tentacled monstrosity
 12907 | Vaults:5 | Reached skill level 11 in Conjurations
 12907 | Vaults:5 | Reached skill level 11 in Hexes
 12907 | Vaults:5 | Reached skill level 11 in Charms
 12907 | Vaults:5 | Reached skill level 11 in Necromancy
 12907 | Vaults:5 | Reached skill level 11 in Translocations
 12907 | Vaults:5 | Reached skill level 11 in Transmutations
 12907 | Vaults:5 | Reached skill level 11 in Fire Magic
 12907 | Vaults:5 | Reached skill level 11 in Ice Magic
 12907 | Vaults:5 | Reached skill level 11 in Air Magic
 12907 | Vaults:5 | Reached skill level 11 in Earth Magic
 12907 | Vaults:5 | Reached skill level 11 in Poison Magic
 12914 | Vaults:5 | Noticed a golden dragon
 12931 | Vaults:5 | Killed a golden dragon
 12971 | Vaults:5 | HP: 3/148 [tengu reaver/fireball (52)]
 12975 | Vaults:5 | Killed from afar by a deep elf annihilator

Vault maps used:
D:1:      saegor_arrival_simple_e, nrook_uturn
D:2:      first_ration, uniq_crazy_yiuf_cottage
D:3:      lemuel_doored_altar, minivault_14, nrook_mini_backslash
D:4:      minmay_inner_zag, uniq_pikel, uniq_ijyb, uniq_sigmund
D:5:      serial_shops, kennysheep_little_box
D:6:      nicolae_qazlal_style_of_elements, tso_oasis_becter, temple_pool_b,
          portal_sewer_entry_f
D:7:      uniq_joseph, uniq_harold
D:8:      nicolae_overflow_hidden_temple, lemuel_crystal_altar,
          gammafunk_temple_overflow_elements, hangedman_abyss_or_decor_clamps
D:10:     item_on_display_a
D:11:     erik_lair_orcish_takeover, hellmonk_ghost_happy_afterlife,
          david_nohive_1, nicolae_ru_path_of_blood
D:12:     david_orc_2, ebering_ghost_gozag, uniq_nergalle
D:13:     serial_shops, shop, kennysheep_generic_room_2, uniq_erolcha
D:14:     ximxim_vaults_locker_room, nrook_campfire, kennysheep_kite_vault
D:15:     gammafunk_depths_entry_grave
Temple:   eino_temple_water
Lair:1:   lemuel_fruit_fields, grunt_megastairs_2
Lair:2:   wad_woods_minihive, spider_nest_entry_web_field, serial_bayou_shore_b,
          grunt_megastairs_1
Lair:3:   elwin_shoals_entry_rooms, nicolae_quartered_pool_super,
          lemuel_old_faithful
Lair:4:   mu_elephants_graveyard, uniq_kirke
Lair:5:   lemuel_fruit_fields, uniq_urug, uniq_sonja
Lair:6:   evil_forest, nicolae_slime_entry_slimehenge, minmay_hedge_maze,
          grunt_megastairs_4
Shoals:1: nicolae_shoals_dead_sea_scrolls
Shoals:2: serial_shops, nicolae_shop_crystal, nicolae_shoals_seven_spires
Shoals:3: ebering_ghost_inner_flame, serial_shops, bzr_entry_road,
          nicolae_shoals_kraken_party
Shoals:4: shoals_end_grunt_ice, shoal_ilsuiw, serial_shops,
          nicolae_shop_waterfront, nicolae_shoals_loop_pool, uniq_polyphemus
Spider:2: einodemon_crawler_minivault
Spider:3: worms_lemuel
Spider:4: grunt_spider_rune_parallel, portal_ice_cave_entry_ugly_swarm,
          spider_trap
Orc:1:    serial_shops, nicolae_shop_waterfront, elves_outpost_lemuel
Orc:2:    st_orc_town, basic_altar
Elf:1:    minmay_elf_demonology, minmay_misc_feat_columns, door_vault
Vaults:1: vaults_room_pool, v_rooms_5, v_misc_1,
          nicolae_vaults_little_squares_5, v_pattern_2,
          nicolae_vaults_network_quinsquares, nicolae_vaults_circle_grid_b,
          nicolae_vaults_windows_and_doors_thing, ontoclasm_vaults_ring_small,
          ontoclasm_vaults_ring_large, nicolae_vaults_network_barrier,
          nicolae_vaults_asterisk, nicolae_vaults_fighting_squares,
          serial_shops, shop, nicolae_shop_behind_doors, shop, shop, shop
Vaults:2: v_misc_9, v_pattern_5, vaults_room_corners,
          hangedman_vaults_river_flow, vaults_room_ringed_pool,
          nicolae_vaults_ninety_degrees, v_misc_9, nicolae_vaults_little_ls,
          vaults_room_door_ring
Vaults:3: vaults_dpeg_doors, nicolae_vaults_ring_of_whatevers,
          nicolae_vaults_little_squares_4, vaults_dpeg_diagonal,
          nicolae_vaults_what_the_h, v_misc_16, v_misc_8, v_misc_25,
          minmay_crypt_entry_simple_statues, hangedman_vaults_capsules,
          nicolae_vaults_little_squares_2, vaults_room_fours, serial_ice_g,
          ontoclasm_vaults_echo, serial_shops, shop_statue, uniq_frederick,
          uniq_mara, uniq_nikola
Vaults:4: ontoclasm_vaults_ring_small, vaults_dpeg_encased_lava,
          nicolae_vaults_twisting_passages, vaults_room_corners,
          grunt_vaults_focal, dpeg_vaults_waves, vaults_room_fours,
          vaults_dpeg_spiral, vaults_room_grid, nicolae_vaults_rhombus_6,
          nicolae_trove_entry_free_sample, uniq_jory
Bazaar:   bazaar_kenran_forest_clearing
Sewer:    kennysheep_pipe_town
IceCv:    ice_cave_caverns_01

Skill      XL: |  1  2  3  4  5  6  7  8  9 10 11 12 13 14 15 16 17 18 19 |
---------------+----------------------------------------------------------+-----
Fighting       | 1 2 3 4 5 6 7 8 9 10 11 12 | 12.9
Short Blades   | 1 2 3 4 5 6 7 8 9 10 11 12 | 12.9
Long Blades    | 1 2 3 4 5 6 7 8 9 10 11 12 | 12.9
Axes           | 1 2 3 4 5 6 7 8 9 10 11 12 | 12.9
Maces & Flails | 1 2 3 4 5 6 7 8 9 10 11 12 | 12.9
Polearms       | 1 2 3 4 5 6 7 8 9 10 11 12 | 12.9
Staves         | 1 2 3 4 5 6 7 8 9 10 11 12 | 12.9
Slings         | 1 2 3 4 5 6 7 8 9 10 11 12 | 12.9
Bows           | 1 2 3 4 5 6 7 8 9 10 11 12 | 12.9
Crossbows      | 1 2 3 4 5 6 7 8 9 10 11 12 | 12.9
Throwing       | 1 2 3 4 5 6 7 8 9 10 11 12 | 12.9
Armour         | 1 2 3 4 5 6 7 8 9 10 11 12 | 12.9
Shields        | 1 2 3 4 5 6 7 8 9 10 11 12 | 12.9
Unarmed Combat | 1 2 3 4 5 6 7 8 9 10 11 12 | 12.9
Spellcasting   | 5 6 7 8 9 10 11 12 13 | 13.6
Invocations    | 1 2 3 4 5 6 7 8 9 10 11 12 13 | 13.9
Evocations     | 1 2 3 4 5 6 7 8 9 10 11 12 | 12.9
Conjurations   | 1 2 3 4 5 6 7 8 9 10 11 | 11.1
Hexes          | 1 2 3 4 5 6 7 8 9 10 11 | 11.1
Charms         | 1 2 3 4 5 6 7 8 9 10 11 | 11.1
Necromancy     | 1 2 3 4 5 6 7 8 9 10 11 | 11.1
Translocations | 1 2 3 4 5 6 7 8 9 10 11 | 11.1
Transmutations | 1 2 3 4 5 6 7 8 9 10 11 | 11.1
Fire Magic     | 1 2 3 4 5 6 7 8 9 10 11 | 11.1
Ice Magic      | 1 2 3 4 5 6 7 8 9 10 11 | 11.1
Air Magic      | 1 2 3 4 5 6 7 8 9 10 11 | 11.1
Earth Magic    | 1 2 3 4 5 6 7 8 9 10 11 | 11.1
Poison Magic   | 1 2 3 4 5 6 7 8 9 10 11 | 11.1
Dodging        | 5 6 7 8 9 10 11 12 13 | 13.5
Stealth        | 5 6 7 8 9 10 11 12 13 | 13.4
Summonings     | 8 9 10 11 12 | 12.8

Action                   |  1- 3 |  4- 6 |  7- 9 | 10-12 | 13-15 | 16-18 | 19-21 || total
-------------------------+-------+-------+-------+-------+-------+-------+-------++-------
Melee: Club              |     2 |       |       |       |       |       |       ||     2
       Unarmed           |     2 |       |       |       |       |       |       ||     2
       Bite              |     1 |     3 |     7 |    29 |    80 |   224 |    61 ||   405
       Short sword       |    16 |    16 |    41 |    10 |       |       |       ||    83
       Hand axe          |       |       |    69 |   139 |    34 |       |       ||   242
       Punch             |       |       |     1 |    12 |    12 |       |       ||    25
       Great sword       |       |       |       |     3 |       |       |       ||     3
       Double sword      |       |       |       |    18 |   152 |       |       ||   170
       Dagger            |       |       |       |     5 |    11 |       |       ||    16
       Demon trident     |       |       |       |       |   151 |  1139 |   236 ||  1526
 Fire: Blowgun           |       |       |       |       |     3 |       |       ||     3
Throw: Stone             |       |    11 |       |       |       |       |       ||    11
       Tomahawk          |       |       |    56 |    15 |    52 |       |       ||   123
       Javelin           |       |       |       |    28 |    60 |    49 |     1 ||   138
       Throwing net      |       |       |       |     1 |       |       |       ||     1
 Cast: Summon Small Mamm |    39 |     1 |       |       |       |       |       ||    40
       Call Imp          |     3 |     1 |       |       |       |       |       ||     4
       Call Canine Famil |     2 |     3 |     3 |     3 |     1 |       |       ||    12
       Summon Lightning  |       |     5 |    29 |    23 |    60 |    86 |    13 ||   216
       Sticky Flame      |       |       |     4 |    35 |    27 |    45 |    12 ||   123
       Conjure Flame     |       |       |       |     6 |    20 |    25 |     1 ||    52
       Fulminant Prism   |       |       |       |     2 |     1 |     1 |       ||     4
       Fireball          |       |       |       |     1 |    57 |    37 |     4 ||    99
       Bolt of Draining  |       |       |       |       |       |    18 |    12 ||    30
       Apportation       |       |       |       |       |       |    13 |     9 ||    22
Invok: Slouch            |       |       |       |     4 |    12 |    20 |     5 ||    41
       Step From Time    |       |       |       |       |     2 |     1 |       ||     3
       Temporal Distorti |       |       |       |       |       |     3 |       ||     3
       Bend Time         |       |       |       |       |       |     1 |       ||     1
Evoke: Wand              |       |     5 |     2 |     3 |    15 |     5 |     3 ||    33
       Lightning rod     |       |       |       |       |       |       |     1 ||     1
  Use: Scroll            |     2 |     1 |    14 |    12 |    13 |    22 |     5 ||    69
       Potion            |       |     2 |     2 |     9 |    10 |     8 |     4 ||    35
 Stab: Sleeping          |     1 |     1 |     1 |    12 |     8 |    17 |       ||    40
       Distracted        |     1 |     1 |     2 |     3 |    16 |    61 |    11 ||    95
       Invisible         |       |       |       |       |       |     9 |       ||     9
  Eat: Ration            |       |     2 |     2 |     3 |     2 |     7 |       ||    16
Armor: Robe              |     4 |     2 |     5 |       |       |       |       ||    11
       Leather armour    |       |       |     4 |       |       |       |       ||     4
       Steam dragon scal |       |       |     5 |       |       |       |       ||     5
       Troll leather arm |       |       |       |    38 |    69 |   146 |    31 ||   284
Dodge: Dodged            |    28 |     8 |   114 |   338 |   414 |   875 |   170 ||  1947
Block: Shield            |       |       |       |       |   287 |   770 |   144 ||  1201
       Reflection        |       |       |       |       |    21 |    35 |     9 ||    65
       Rpst.: Great sword |       |       |       |     2 |       |       |       ||     2
       Double sword      |       |       |       |     5 |    27 |       |       ||    32

Table legend:
 A = Non-vault XP
 B = Vault XP
 C = Vault XP percentage of total XP
 D = Non-vault monster count
 E = Vault monster count
 F = Vault count percentage of total count
                 A         B        C        D         E       F
            +---------+---------+-------+---------+---------+-------
      Total |  174549 |  218374 |  55.6 |     690 |     551 |  44.4
            +---------+---------+-------+---------+---------+-------
        D:1 |       9 |       0 |   0.0 |       7 |       0 |   0.0
        D:2 |      12 |       0 |   0.0 |      10 |       0 |   0.0
        D:3 |      14 |       0 |   0.0 |       6 |       0 |   0.0
        D:4 |     116 |       0 |   0.0 |      11 |       0 |   0.0
        D:5 |     165 |       0 |   0.0 |       5 |       0 |   0.0
        D:6 |     228 |      10 |   4.2 |      14 |       6 |  30.0
        D:7 |     467 |     580 |  55.4 |      16 |       1 |   5.9
        D:8 |     625 |       0 |   0.0 |      21 |       0 |   0.0
        D:9 |     883 |       0 |   0.0 |      14 |       0 |   0.0
       D:10 |      17 |       0 |   0.0 |       1 |       0 |   0.0
       D:11 |    3265 |    2170 |  39.9 |      17 |      23 |  57.5
       D:12 |    6211 |    5825 |  48.4 |      31 |      39 |  55.7
       D:13 |    7515 |    1632 |  17.8 |      51 |       3 |   5.6
       D:14 |    2491 |    9690 |  79.6 |      15 |      26 |  63.4
       D:15 |     895 |       0 |   0.0 |       7 |       0 |   0.0
     Lair:1 |    1947 |     288 |  12.9 |       9 |       3 |  25.0
     Lair:2 |     670 |    5310 |  88.8 |       5 |      59 |  92.2
     Lair:3 |    2565 |     410 |  13.8 |      15 |       1 |   6.2
     Lair:4 |    3375 |    7127 |  67.9 |      13 |      17 |  56.7
     Lair:5 |    4694 |    1451 |  23.6 |      31 |       2 |   6.1
     Lair:6 |    6398 |   10105 |  61.2 |      17 |      29 |  63.0
   Shoals:1 |    9152 |       0 |   0.0 |      21 |       0 |   0.0
   Shoals:2 |    8686 |       0 |   0.0 |      23 |       0 |   0.0
   Shoals:3 |    8917 |    2226 |  20.0 |      22 |       2 |   8.3
   Shoals:4 |    4550 |   30276 |  86.9 |      11 |      47 |  81.0
   Spider:1 |    4861 |       0 |   0.0 |      22 |       0 |   0.0
   Spider:2 |    2572 |    1324 |  34.0 |      11 |       6 |  35.3
   Spider:3 |    8818 |       0 |   0.0 |      30 |       0 |   0.0
   Spider:4 |    6486 |   22197 |  77.4 |      24 |      57 |  70.4
      Orc:1 |    3452 |    4799 |  58.2 |      44 |       9 |  17.0
      Orc:2 |    4556 |    7862 |  63.3 |      34 |      58 |  63.0
   Vaults:1 |   16988 |    2309 |  12.0 |      26 |       4 |  13.3
   Vaults:2 |    9847 |    5210 |  34.6 |      17 |       8 |  32.0
   Vaults:3 |    2962 |    4556 |  60.6 |       5 |       7 |  58.3
   Vaults:4 |   27305 |     668 |   2.4 |      53 |       1 |   1.9
   Vaults:5 |   12835 |   81976 |  86.5 |      31 |      59 |  65.6
      Sewer |       0 |     179 | 100.0 |       0 |      24 | 100.0
      IceCv |       0 |   10194 | 100.0 |       0 |      60 | 100.0
            +---------+---------+-------+---------+---------+-------

Table legend:
 A = Turns spent in this place as a percentage of turns spent in the entire game.
 B = Non-inter-level travel turns spent in this place as a percentage of non-inter-level travel turns spent in the entire game.
 C = Inter-level travel turns spent in this place as a percentage of turns spent in this place.
 D = Turns resting spent in this place as a percentage of non-inter-level travel turns spent in this place.
 E = Turns spent auto-exploring this place as a percentage of non-inter-level travel turns spent in this place.
 F = Non-inter-level travel turns spent in this place divided by the number of levels of this place that you've seen.
                   A       B       C       D       E      F
               +-------+-------+-------+-------+-------+----------------------
         Total | 100.0 | 100.0 |   4.4 |   0.0 |   0.0 | 302.6
       Dungeon |  31.5 |  31.2 |   5.3 |   0.0 |   0.0 | 258.3
        Temple |   0.3 |   0.2 |  42.9 |   0.0 |   0.0 |  20.0
          Lair |  17.4 |  17.6 |   3.2 |   0.0 |   0.0 | 364.2
        Shoals |  13.0 |  13.5 |   1.1 |   0.0 |   0.0 | 418.0
   Spider Nest |  11.3 |  11.1 |   5.9 |   0.0 |   0.0 | 345.2
  Orcish Mines |   7.7 |   7.4 |   7.1 |   0.0 |   0.0 | 461.5
   Elven Halls |   0.0 |   0.0 |   0.0 |   0.0 |   0.0 |   3.0
        Vaults |  11.8 |  11.7 |   5.5 |   0.0 |   0.0 | 289.8
        Bazaar |   1.4 |   1.4 |   0.0 |   0.0 |   0.0 | 179.0
         Sewer |   1.6 |   1.7 |   0.0 |   0.0 |   0.0 | 205.0
      Ice Cave |   4.0 |   4.2 |   0.0 |   0.0 |   0.0 | 516.0
               +-------+-------+-------+-------+-------+----------------------

Table legend:
 A = Kills in this place as a percentage of kills in entire the game.
 B = Kills by you in this place as a percentage of kills by you in the entire game.
 C = Kills by friends in this place as a percentage of kills by friends in the entire game.
 D = Other kills in this place as a percentage of other kills in the entire game.
 E = Experience gained in this place as a percentage of experience gained in the entire game.
 F = Experience gained in this place divided by the number of levels of this place that you have seen.
                   A       B       C       D       E      F
               +-------+-------+-------+-------+-------+----------------------
         Total | 100.0 | 100.0 | 100.0 | 100.0 | 100.0 | 9583.5
       Dungeon |  26.1 |  22.3 |  34.6 |   0.0 |  10.9 | 2854.7
          Lair |  16.2 |  16.4 |  16.0 |   0.0 |  11.3 | 7390.0
        Shoals |  10.2 |   9.3 |  12.0 |   0.0 |  16.2 | 15951.8
   Spider Nest |  12.1 |  12.3 |  11.8 |   0.0 |  11.8 | 11564.5
  Orcish Mines |  11.7 |  12.1 |  10.8 |  14.3 |   5.3 | 10334.5
        Vaults |  17.0 |  19.9 |   9.8 |  85.7 |  41.9 | 32931.2
         Sewer |   1.9 |   1.1 |   3.8 |   0.0 |   0.0 | 179.0
      Ice Cave |   4.8 |   6.6 |   1.3 |   0.0 |   2.6 | 10194.0
               +-------+-------+-------+-------+-------+----------------------

Vault maps used:
D:1:      saegor_arrival_simple_e, nrook_uturn
D:2:      first_ration, uniq_crazy_yiuf_cottage
D:3:      lemuel_doored_altar, minivault_14, nrook_mini_backslash
D:4:      minmay_inner_zag, uniq_pikel, uniq_ijyb, uniq_sigmund
D:5:      serial_shops, kennysheep_little_box
D:6:      nicolae_qazlal_style_of_elements, tso_oasis_becter, temple_pool_b,
          portal_sewer_entry_f
D:7:      uniq_joseph, uniq_harold
D:8:      nicolae_overflow_hidden_temple, lemuel_crystal_altar,
          gammafunk_temple_overflow_elements, hangedman_abyss_or_decor_clamps
D:10:     item_on_display_a
D:11:     erik_lair_orcish_takeover, hellmonk_ghost_happy_afterlife,
          david_nohive_1, nicolae_ru_path_of_blood
D:12:     david_orc_2, ebering_ghost_gozag, uniq_nergalle
D:13:     serial_shops, shop, kennysheep_generic_room_2, uniq_erolcha
D:14:     ximxim_vaults_locker_room, nrook_campfire, kennysheep_kite_vault
D:15:     gammafunk_depths_entry_grave
Temple:   eino_temple_water
Lair:1:   lemuel_fruit_fields, grunt_megastairs_2
Lair:2:   wad_woods_minihive, spider_nest_entry_web_field, serial_bayou_shore_b,
          grunt_megastairs_1
Lair:3:   elwin_shoals_entry_rooms, nicolae_quartered_pool_super,
          lemuel_old_faithful
Lair:4:   mu_elephants_graveyard, uniq_kirke
Lair:5:   lemuel_fruit_fields, uniq_urug, uniq_sonja
Lair:6:   evil_forest, nicolae_slime_entry_slimehenge, minmay_hedge_maze,
          grunt_megastairs_4
Shoals:1: nicolae_shoals_dead_sea_scrolls
Shoals:2: serial_shops, nicolae_shop_crystal, nicolae_shoals_seven_spires
Shoals:3: ebering_ghost_inner_flame, serial_shops, bzr_entry_road,
          nicolae_shoals_kraken_party
Shoals:4: shoals_end_grunt_ice, shoal_ilsuiw, serial_shops,
          nicolae_shop_waterfront, nicolae_shoals_loop_pool, uniq_polyphemus
Spider:2: einodemon_crawler_minivault
Spider:3: worms_lemuel
Spider:4: grunt_spider_rune_parallel, portal_ice_cave_entry_ugly_swarm,
          spider_trap
Orc:1:    serial_shops, nicolae_shop_waterfront, elves_outpost_lemuel
Orc:2:    st_orc_town, basic_altar
Elf:1:    minmay_elf_demonology, minmay_misc_feat_columns, door_vault
Vaults:1: vaults_room_pool, v_rooms_5, v_misc_1,
          nicolae_vaults_little_squares_5, v_pattern_2,
          nicolae_vaults_network_quinsquares, nicolae_vaults_circle_grid_b,
          nicolae_vaults_windows_and_doors_thing, ontoclasm_vaults_ring_small,
          ontoclasm_vaults_ring_large, nicolae_vaults_network_barrier,
          nicolae_vaults_asterisk, nicolae_vaults_fighting_squares,
          serial_shops, shop, nicolae_shop_behind_doors, shop, shop, shop
Vaults:2: v_misc_9, v_pattern_5, vaults_room_corners,
          hangedman_vaults_river_flow, vaults_room_ringed_pool,
          nicolae_vaults_ninety_degrees, v_misc_9, nicolae_vaults_little_ls,
          vaults_room_door_ring
Vaults:3: vaults_dpeg_doors, nicolae_vaults_ring_of_whatevers,
          nicolae_vaults_little_squares_4, vaults_dpeg_diagonal,
          nicolae_vaults_what_the_h, v_misc_16, v_misc_8, v_misc_25,
          minmay_crypt_entry_simple_statues, hangedman_vaults_capsules,
          nicolae_vaults_little_squares_2, vaults_room_fours, serial_ice_g,
          ontoclasm_vaults_echo, serial_shops, shop_statue, uniq_frederick,
          uniq_mara, uniq_nikola
Vaults:4: ontoclasm_vaults_ring_small, vaults_dpeg_encased_lava,
          nicolae_vaults_twisting_passages, vaults_room_corners,
          grunt_vaults_focal, dpeg_vaults_waves, vaults_room_fours,
          vaults_dpeg_spiral, vaults_room_grid, nicolae_vaults_rhombus_6,
          nicolae_trove_entry_free_sample, uniq_jory
Bazaar:   bazaar_kenran_forest_clearing
Sewer:    kennysheep_pipe_town
IceCv:    ice_cave_caverns_01
